 Dungeon Crawl Stone Soup version 0.27.1-2-g3b301248ec (webtiles) character file.

Game seed: 5283974056045341383

10770 Borgoz the Protected (level 11, -23/73 HPs)
             Began as a Gargoyle Fighter on Sept 28, 2021.
             Was a High Priest of Okawaru.
             Annihilated by a titan skeleton (32 damage)
             ... on level 1 of the Abyss.
             The game lasted 00:12:33 (9476 turns).

Borgoz the Protected (Gargoyle Fighter)             Turns: 9476, Time: 00:12:33

Health: -23/73     AC: 19    Str: 20    XL:     11   Next: 67%
Magic:  14/15      EV: 16    Int:  9    God:    Okawaru [*****.]
Gold:   602        SH:  6    Dex: 12    Spells: 8/10 levels left

rFire    . . .     SeeInvis .   E - +2 morningstar
rCold    . . .     Faith    .   r - +0 buckler
rNeg     + . .     Spirit   .   C - +0 steam dragon scales
rPois    ∞         Reflect  .   (no helmet)
rElec    +         Harm     .   l - +0 cloak
rCorr    .         Rampage  .   a - +0 pair of gloves
Will     .....                  (no boots)
Stlth    +++.......             j - amulet of regeneration
HPRegen  1.22/turn              n - +4 ring of slaying
MPRegen  0.14/turn              (no ring)

@: mighty, weak-willed, heroic
A: sickness immunity, AC +8, negative energy resistance 1, electricity
resistance, torment resistance 1, petrification resistance
a: Renounce Religion, Heroism, Finesse


You were on level 1 of the Abyss.
You worshipped Okawaru.
Okawaru was extremely pleased with you.
You visited 2 branches of the dungeon, and saw 12 of its levels.
You visited the Abyss 1 time.
You also visited: Sewer.

You collected 602 gold pieces.

Inventory:

Hand Weapons
 E - a +2 morningstar (weapon)
Armour
 a - a +0 pair of gloves (worn)
 c - a +0 kite shield
 l - a +0 cloak (worn)
 p - a +0 pair of boots
 r - a +0 buckler (worn)
 C - +0 steam dragon scales (worn)
 J - the +5 hat of the Lair of Beasts {rC- Will+ Str+7}
   (Okawaru gifted it to you on level 10 of the Dungeon)

   Str:       It affects your strength (+7).
   rC:        It makes you vulnerable to cold.
   Will:      It increases your willpower.
Jewellery
 e - an amulet of reflection
 j - an amulet of regeneration (around neck)
 n - a +4 ring of slaying (left hand)
Wands
 A - a wand of flame (45)
 H - a wand of iceblast (22)
Scrolls
 g - 3 scrolls of magic mapping
 o - a scroll of brand weapon {unknown}
 s - a scroll of acquirement {unknown}
 v - 2 scrolls of holy word
 w - 2 scrolls of immolation
 y - a scroll of vulnerability
 B - a scroll of silence {unknown}
 D - a scroll of teleportation {unknown}
 F - 3 scrolls of identify
Potions
 d - a potion of might
 f - a potion of lignification {unknown}
 h - a potion of invisibility {unknown}
 i - 3 potions of heal wounds
 k - 4 potions of curing {unknown}
 m - 4 potions of flight
 q - a potion of cancellation {unknown}
 t - 2 potions of haste {unknown}
 u - 2 potions of attraction {unknown}
 z - a potion of brilliance {unknown}
 G - 5 potions of ambrosia


   Skills:
 * Level 10.4(15.4) Fighting
 * Level 9.2(14.2) Maces & Flails
 * Level 10.4(15.4) Armour
 + Level 5.0(10.0) Dodging
 - Level 6.0(11.0) Shields
 + Level 5.6 Invocations


You had 8 spell levels left.
You knew the following spells:

 Your Spells              Type           Power      Damage    Failure   Level
a - Blink                 Tloc           N/A        N/A       52%         2

Your spell library contained the following spells:

 Spells                   Type           Power      Damage    Failure   Level
 Sandblast                Erth           0%         2d4       38%         1
 Passwall                 Tmut/Erth      0%         N/A       52%         2
 Lesser Beckoning         Tloc           0%         N/A       77%         3
 Summon Guardian Golem    Hex/Summ       0%         N/A       77%         3
 Lee's Rapid Deconstruct  Erth           0%         3d5*      100%        5
 Manifold Assault         Tloc           0%         N/A       100%        5
 Orb of Destruction       Conj           0%         N/A       100%        7
 Spellforged Servitor     Conj/Summ      0%         N/A       100%        7


Dungeon Overview and Level Annotations

Branches:
Dungeon (11/15)            Temple (1/1) D:5            Lair (0/6) D:8
  Sewer (visited)
    Orc: D:9-12

Altars:
Ashenzari
Cheibriados
Dithmenos
Elyvilon
Fedhas
Gozag
Hepliaklqana
Kikubaaqudgha
Makhleb
Nemelex Xobeh
Okawaru
Qazlal
Ru
Sif Muna
Trog
Uskayaw
Vehumet
Wu Jian
Xom
Yredelemnul
Zin
The Shining One

Shops:
D:4 =   D:5 [

Annotations:
D:8 3 runed translucent doors, MrNoob's ghost, novice MiBe
D:11 Psyche


Innate Abilities, Weirdness & Mutations

You are immune to sickness and miasma.
Your stone body is resilient. (AC +8)
You are immune to poison.
You resist negative energy. (rN+)
You are resistant to electric shocks. (rElec)
You are resistant to unholy torment.
You are immune to petrification.


Message History

The tentacled starspawn completely misses you.
You thump the tentacled starspawn!
The tentacled starspawn is moderately damaged.
You block the starspawn tentacle's attack.
The tentacled starspawn bites you but does no damage.
The tentacled starspawn tentacle-slaps you.
* * * LOW HITPOINT WARNING * * *
A starspawn tentacle comes into view.
You sock the tentacled starspawn!
The tentacled starspawn is heavily damaged.
The starspawn tentacle barely misses you.
The tentacled starspawn bites you but does no damage.
The tentacled starspawn closely misses you.
You sock the tentacled starspawn!
The tentacled starspawn is heavily damaged.
The starspawn tentacle closely misses you.
You thump the tentacled starspawn!
The tentacled starspawn is severely damaged.
The tentacled starspawn bites you!
* * * LOW HITPOINT WARNING * * *
The tentacled starspawn tentacle-slaps you but does no damage.
You bludgeon the tentacled starspawn!!
The tentacled starspawn is almost destroyed.
The starspawn tentacle grabs you. The starspawn tentacle constricts you.
The tentacled starspawn bites you but does no damage.
The tentacled starspawn tentacle-slaps you but does no damage.
You completely miss the tentacled starspawn.
The starspawn tentacle loses its grip on you.
The tentacled starspawn is almost destroyed.
The starspawn tentacle grabs you. The starspawn tentacle constricts you.
* * * LOW HITPOINT WARNING * * *
The starspawn tentacle loses its grip on you.
The tentacle pulls you backwards!
As you read the scroll of fear, it crumbles to dust.
You assume a fearsome visage.
The death knight looks frightened!
The tentacled starspawn is unaffected.
The titan skeleton is unaffected.
The starspawn tentacle is unaffected.
The starspawn tentacle segment is unaffected. x5
The titan skeleton hits you!!
You die...

... ##...###. .
...#.....#.. ..#.....#..
........................
....... ..... .........
...... .§.........!. .
#.....#\§.§.#\....# .
...###§.§###>..## .
..<.Z#§ <│§#w....#..
...... \3. §§\\Z@.......
.. .....p§§3p─X........
.....# ###########..###
# ## ##.# ## . ######


You could see a tentacled starspawn (weak-willed), a death knight (fleeing,
weak-willed), a starspawn tentacle and a titan skeleton (weak-willed).

Vanquished Creatures
  The ghost of Nanban the Carver, a journeyman DsMo of Hepliaklqana (D:10)
  A kobold demonologist (D:9)
  A queen bee (D:10)
  A hornet (D:10)
  4 wyverns
  17 yaks
  Grum (D:8)
  2 basilisks (D:8)
  3 vampire mosquitoes (D:10)
  A steam dragon (D:8)
  An acid dragon (D:9)
  7 water moccasins
  2 orc warriors
  An ice beast (D:6)
  A sky beast (D:7)
  A black bear (D:7)
  An ogre (D:4)
  3 wolves (D:8)
  5 centaurs
  2 phantoms
  15 kobold brigands
  2 bullfrogs (D:8)
  A wyvern zombie (D:7)
  4 scorpions
  17 killer bees
  6 wights
  A howler monkey (D:11)
  2 orc priests
  2 centaur zombies
  2 centaur skeletons (D:7)
  3 jellies
  Jessica (D:3)
  2 iguanas
  5 orc wizards
  Natasha (thrice) (D:3)
  A killer bee zombie (D:8)
  2 howler monkey zombies
  Robin (D:3)
  7 gnolls
  2 howler monkey skeletons (D:7)
  3 adders
  A river rat (Sewer)
  A shadow imp (D:8)
  2 white imps
  An adder skeleton (D:4)
  2 worms (D:3)
  2 dart slugs
  13 orcs
  3 bats
  7 endoplasms
  7 giant cockroaches
  15 goblins
  10 hobgoblins
  12 jackals
  28 kobolds
  2 quokkas
  6 ball pythons
  4 frilled lizards
  7 rats
261 creatures vanquished.

Vanquished Creatures (others)
  A goblin (D:3)
  A fungus (D:8)
  26 plants
  2 starspawn tentacles (Abyss:1)
30 creatures vanquished.

Grand Total: 291 creatures vanquished

Notes
Turn   | Place    | Note
-------+----------+-------------------------------------------
     0 | D:1      | Borgoz the Gargoyle Fighter began the quest for the Orb.
     0 | D:1      | Reached XP level 1. HP: 14/14 MP: 1/1
   283 | D:1      | Reached XP level 2. HP: 17/19 MP: 2/2
   724 | D:1      | Reached XP level 3. HP: 23/23 MP: 3/3
   732 | D:1      | Found a faded altar of an unknown god.
  1700 | D:2      | Reached XP level 4. HP: 29/29 MP: 4/4
  2176 | D:3      | Noticed Jessica
  2179 | D:3      | Killed Jessica
  2316 | D:3      | You fall into a shaft and drop 2 floors!
  2316 | D:5      | Entered Level 5 of the Dungeon
  2549 | D:5      | Found a hazy altar of Hepliaklqana.
  2567 | D:4      | Found Ymuazau's Jewellery Shoppe.
  2574 | D:4      | Found a glowing drain.
  2593 | Sewer    | Entered a sewer
  2603 | Sewer    | Reached XP level 5. HP: 30/33 MP: 5/5
  2669 | Sewer    | Noticed a kobold brigand
  2684 | Sewer    | Killed a kobold brigand
  2685 | Sewer    | Reached skill level 1 in Dodging
  2720 | Sewer    | Found a white marble altar of Elyvilon.
  2817 | D:4      | Found an iron altar of Okawaru.
  2842 | D:4      | Noticed an ogre
  2855 | D:4      | Killed an ogre
  2856 | D:4      | Reached XP level 6. HP: 15/39 MP: 6/6
  3173 | D:4      | Reached skill level 5 in Armour
  3179 | D:4      | Reached skill level 5 in Fighting
  3179 | D:4      | Reached XP level 7. HP: 27/44 MP: 7/7
  3341 | D:3      | Noticed Natasha
  3345 | D:3      | Killed Natasha
  3370 | D:3      | Noticed Robin
  3405 | D:3      | Killed Robin
  3618 | D:3      | Found a white marble altar of Elyvilon.
  3706 | D:3      | Noticed Natasha
  3710 | D:3      | Killed Natasha
  3880 | D:3      | Noticed Natasha
  3888 | D:3      | Killed Natasha
  4446 | D:5      | Found a staircase to the Ecumenical Temple.
  4499 | Temple   | Entered the Ecumenical Temple
  4652 | D:4      | Became a worshipper of Warmaster Okawaru
  4691 | D:5      | Found Gobuh's Antique Armour Shop.
  4852 | D:5      | Learned a level 2 spell: Blink
  5082 | D:5      | Reached XP level 8. HP: 45/51 MP: 8/8
  5132 | D:6      | Reached skill level 5 in Maces & Flails
  5151 | D:6      | Found a snail-covered altar of Cheibriados.
  5207 | D:6      | Reached * piety under Okawaru
  5270 | D:6      | Reached skill level 5 in Shields
  5271 | D:6      | Reached skill level 1 in Invocations
  5340 | D:6      | Noticed a yak
  5342 | D:6      | Noticed a yak
  5343 | D:6      | Noticed a yak
  5353 | D:6      | Killed a yak
  5368 | D:6      | Killed a yak
  5370 | D:6      | Killed a yak
  5371 | D:6      | Reached XP level 9. HP: 39/56 MP: 7/10
  5646 | D:6      | Reached ** piety under Okawaru
  6286 | D:7      | Found a sacrificial altar of Ru.
  6765 | D:8      | Reached *** piety under Okawaru
  6782 | D:8      | Reached XP level 10. HP: 20/64 MP: 9/12
  6827 | D:8      | Reached **** piety under Okawaru
  6848 | D:8      | Found a staircase to the Lair.
  7331 | D:8      | Noticed Grum
  7357 | D:8      | Killed Grum
  7531 | D:8      | Found a runed translucent gate.
  7532 | D:8      | Noticed MrNoob's ghost (novice MiBe)
  7533 | D:8      | Noticed a nine-headed hydra
  7534 | D:8      | Found a runed translucent gate.
  7534 | D:8      | Found a runed translucent gate.
  7875 | D:9      | Noticed a kobold demonologist
  7899 | D:9      | Killed a kobold demonologist
  7899 | D:9      | Reached ***** piety under Okawaru
  7937 | D:9      | Reached XP level 11. HP: 71/71 MP: 14/14
  8355 | D:10     | Entered Level 10 of the Dungeon
  8365 | D:10     | Reached skill level 5 in Invocations
  8574 | D:10     | Found a transporter.
  8579 | D:10     | Found a transporter.
  8584 | D:10     | Noticed Nanban's ghost (journeyman DsMo)
  8646 | D:10     | Reached skill level 10 in Fighting
  8646 | D:10     | Reached skill level 10 in Armour
  8702 | D:10     | Identified the +5 hat of the Lair of Beasts {rC- Will+
                  | Str+7} (Okawaru gifted it to you on level 10 of the
                  | Dungeon)
  8702 | D:10     | Received a gift from Okawaru
  9091 | D:10     | Found an opulent altar of Gozag.
  9092 | D:10     | Found a hide-covered altar of Uskayaw.
  9127 | D:10     | Found a bloodstained altar of Trog.
  9310 | D:10     | Killed Nanban's ghost
  9316 | D:10     | Reached skill level 5 in Dodging
  9399 | D:11     | Noticed Psyche
  9408 | D:11     | Cast into level 1 of the Abyss (Psyche)
  9445 | Abyss:1  | Noticed a death knight
  9446 | Abyss:1  | Noticed a soul eater
  9447 | Abyss:1  | Noticed a tentacled starspawn
  9476 | Abyss:1  | Annihilated by a titan skeleton

Illustrated notes

Levels and vault maps discovered:
D:1:      roderic_crop_circles_arrival_small, layout_loops_ring,
          basic_ecumenical_altar, serial_bayou, serial_bayou_pond_d,
          serial_bayou_pond_d, serial_bayou_shore_a, serial_bayou_pond_b,
          serial_bayou_pond_a
D:2:      layout_basic
D:3:      layout_rooms, elyvilon_altar_4, interstate_on_off, uniq_jessica,
          uniq_natasha, uniq_robin
D:4:      layout_loops_cross, okawaru_ov_weapons_minmay, gup_sewer_entry_glass,
          serial_shops, nicolae_shop_temple_entry_statues_fountains
D:5:      layout_loops_cross, nicolae_hepliaklqana_hazy_memory, temple_hall,
          serial_shops, kennysheep_little_box
D:6:      layout_cave_pools, mainiacjoe_overflow_alcove_2
D:7:      layout_loops_cross, mainiacjoe_overflow_concentric_impassable
D:8:      layout_loops_ring, minmay_lair_entry_grove,
          gammafunk_ghost_hydra_chop, uniq_grum
D:9:      layout_roguey [special_room_kobold]
D:10:     layout_loops_corners, grunt_temple_overflow_open,
          gammafunk_ghost_hive, kennysheep_generic_room_3
D:11:     layout_roguey, minmay_orc_entry_guard_dogs,
          portal_ice_cave_entry_imps, serial_corexii_hall,
          chequers_hall_statues_y, corexii_hall_statues_t,
          trove_entry_hex_spiral, serial_shops, nicolae_lakefront_shop,
          uniq_psyche, uniq_gastronok
Temple:   nicolae_temple_great_sept
Abyss:1:  base: D:9, abyss_exit_lava

Skill      XL: |  1  2  3  4  5  6  7  8  9 10 11 |
---------------+----------------------------------+-----
Armour         | 4 5 7 8 9 10 | 10.4
Fighting       | 4 5 6 8 9 10 | 10.4
Maces & Flails | 3 4 5 7 8 9 |  9.2
Dodging        | 1 2 3 4 5 |  5.0
Shields        | 4 5 6 |  6.0
Invocations    | 1 3 4 5 |  5.6

Action                   |  1- 3 |  4- 6 |  7- 9 | 10-12 || total
-------------------------+-------+-------+-------+-------++-------
Melee: Flail             |   152 |       |       |       ||   152
       Mace              |       |   126 |    11 |       ||   137
       Whip              |       |       |   347 |    89 ||   436
       Morningstar       |       |       |       |   304 ||   304
Invok: Heroism           |       |       |     2 |     6 ||     8
  Use: Scroll            |       |     5 |       |     7 ||    12
       Potion            |       |     1 |       |     1 ||     2
Armor: Scale mail        |    74 |       |       |       ||    74
       Chain mail        |       |    79 |   133 |    20 ||   232
       Steam dragon scal |       |       |       |   162 ||   162
Dodge: Dodged            |    49 |    29 |    68 |   296 ||   442
Block: Kite shield       |    90 |   129 |    91 |       ||   310
       Reflection        |       |       |     6 |       ||     6
       Buckler           |       |       |   105 |   145 ||   250
